 Dungeon Crawl Stone Soup version 0.25-a0-528-g6b7c99946c (webtiles) character file.

Game seed: 13305781510569052991, levelgen mode: deterministic

123521 Lugonue the Phalangite (level 16, -4/125 HPs)
             Began as a Merfolk Gladiator on Feb 19, 2020.
             Was the Champion of Hepliaklqana.
             Slain by an eight-headed hydra (9 damage)
             ... on level 4 of the Swamp.
             The game lasted 01:37:52 (26401 turns).

Lugonue the Phalangite (Merfolk Gladiator)         Turns: 26401, Time: 01:37:53

Health: -4/125     AC: 12    Str: 21    XL:     16   Next: 90%
Magic:  14/21      EV: 43    Int: 22    God:    Hepliaklqana [******]
Gold:   1957       SH:  0    Dex: 15    Spells: 16/22 levels left

rFire    . . .     SeeInvis .   b - +9 quarterstaff of the Desert {elec, Int+8}
rCold    . . .     Gourm    .   (shield currently unavailable)
rNeg     . . .     Faith    .   n - +0 swamp dragon scales
rPois    +         Spirit   .   d - +2 hat {MR+}
rElec    .         Reflect  .   m - scarf {cloud immunity}
rCorr    .         Harm     .   l - +0 pair of gloves
MR       ++...     Clarity  +   (boots currently unavailable)
Stlth    +++.......             J - amulet "Bap Noit" {Acrobat +Blink Int+3}
HPRegen  0.30/turn              F - +3 ring of strength
MPRegen  0.17/turn              t - +2 ring of evasion

@: acrobat, studying Shields, very quick
A: change form in water, swift swim, stealthy swim, reduced essence, camouflage
1, clarity, poison resistance
a: Recall Ancestor, Ancestor Identity, Transference, Idealise, Renounce
Religion, Evoke Blink


You were on level 4 of the Swamp.
You worshipped Hepliaklqana.
Hepliaklqana was exalted by your worship.
You were not hungry.

You visited 5 branches of the dungeon, and saw 26 of its levels.
You also visited: Sewer, Ossuary and Ice Cave.

You collected 2542 gold pieces.
You spent 585 gold pieces at shops.

Inventory:

Hand Weapons
 a - a +5 glaive of protection
 b - the +9 quarterstaff of the Desert (weapon) {elec, Int+8}
   (You bought it in a shop on level 2 of the Orcish Mines)

   Occasionally, upon striking a foe, it will discharge some electrical energy
   and cause terrible harm.
   It affects your intelligence (+8).
 Y - a +3 spear
Missiles
 p - 42 boomerangs (quivered)
Armour
 d - a +2 hat of magic resistance (worn)
 g - a +1 pair of boots (melded)
 l - a +0 pair of gloves (worn)
 m - a scarf of cloud immunity (worn)
 n - +0 swamp dragon scales (worn)
 I - a +0 kite shield
Magical Staves
 r - an uncursed staff of energy
 R - an uncursed staff of wizardry
Jewellery
 j - an uncursed ring of see invisible
 t - a +2 ring of evasion (right hand)
 F - a +3 ring of strength (left hand)
 J - the amulet "Bap Noit" (around neck) {Acrobat +Blink Int+3}
   (You bought it in a shop on level 2 of the Orcish Mines)

   [amulet of the acrobat]

   It helps you evade while moving and waiting.
   It affects your intelligence (+3).
   It lets you blink.
 P - the ring "Seter" {MR+ MP-9 Str-4 Int+8 SInv}
   (You took it off an orc on level 12 of the Dungeon)

   [ring of protection from magic]

   It affects your strength (-4).
   It affects your intelligence (+8).
   It affects your resistance to hostile enchantments.
   It affects your magic capacity (-9).
   It lets you see invisible.
 T - an uncursed amulet of magic regeneration
Wands
 e - a wand of paralysis (17)
 N - a wand of digging (13)
 V - a wand of iceblast (10)
Scrolls
 o - 4 scrolls of immolation
 s - 15 scrolls of identify
 v - 2 scrolls of teleportation
 A - 6 scrolls of amnesia
 K - 3 scrolls of enchant armour
 O - 2 scrolls of fog
 W - a scroll of magic mapping
 Z - 2 scrolls of remove curse
Potions
 c - a potion of flight
 h - a potion of cancellation
 i - 10 potions of curing
 k - 2 potions of might
 z - 2 potions of ambrosia
 B - a potion of mutation
 C - a potion of resistance {unknown}
 G - 2 potions of haste
 H - a potion of heal wounds
 L - 2 potions of invisibility
 Q - a potion of magic
Books
 D - a manual of Shields
Miscellaneous
 q - a phantom mirror
 E - 2 tremorstones
 X - a box of beasts
Comestibles
 f - 31 rations


   Skills:
 + Level 16.5 Fighting
 + Level 22.8 Polearms
 + Level 1.2(10.0) Staves
 + Level 10.6 Throwing
 + Level 7.8 Armour
 * Level 14.8 Dodging
 - Level 1.0 Stealth
 + Level 3.7 Shields
 + Level 3.6 Spellcasting
 + Level 2.6 Hexes
 + Level 4.6 Charms
 + Level 2.8 Invocations
 + Level 2.5 Evocations


You had 16 spell levels left.
You knew the following spells:

 Your Spells              Type           Power        Failure   Level  Hunger
a - Infusion              Chrm           ###.         2%          1    None
b - Spectral Weapon       Hex/Chrm       ###.....     12%         3    ###....
c - Song of Slaying       Chrm           ###.....     4%          2    #......

Your spell library contained the following spells:

 Spells                   Type           Power        Failure   Level  Hunger
 Corona                   Hex            ###....      6%          1    None
 Slow                     Hex            ###.....     9%          2    #......
 Shroud of Golubria       Chrm/Tloc      ##....       11%         2    #......
 Ensorcelled Hibernation  Hex/Ice        #.....       16%         2    #......
 Animate Skeleton         Necr           N/A          19%         1    None
 Apportation              Tloc           #.....       19%         1    None
 Freeze                   Ice            #...         19%         1    None
 Magic Dart               Conj           #...         19%         1    None
 Sting                    Tmut/Pois      #...         19%         1    None
 Summon Small Mammal      Summ           #...         19%         1    None
 Confusing Touch          Hex            ###.....     19%         3    ###....
 Tukima's Dance           Hex            ###.....     19%         3    ###....
 Ozocubu's Armour         Chrm/Ice       ##......     21%         3    ###....
 Poisonous Vapours        Pois/Air       #.....       26%         2    #......
 Searing Ray              Conj           #.....       26%         2    #......
 Dazzling Flash           Conj/Hex       #.....       30%         3    ###....
 Inner Flame              Hex/Fire       #.......     30%         3    ###....
 Portal Projectile        Hex/Tloc       #.....       30%         3    ###....
 Frozen Ramparts          Ice            #.....       47%         3    ###....
 Gell's Gravitas          Tloc           #.........   47%         3    ###....
 Ignite Poison            Fire/Tmut/Pois #.......     47%         3    ###....
 Mephitic Cloud           Conj/Pois/Air  #.......     47%         3    ###....
 Cause Fear               Hex            ###.......   52%         4    ####...
 Fulminant Prism          Conj/Hex       #.........   71%         4    ####...
 Leda's Liquefaction      Hex/Erth       #.........   71%         4    ####...
 Hailstorm                Conj/Ice       #.......     87%         4    ####...
 Iskenderun's Mystic Bla  Conj/Tloc      #.......     87%         4    ####...
 Olgreb's Toxic Radiance  Pois           #.......     87%         4    ####...
 Petrify                  Tmut/Erth      #.......     87%         4    ####...
 Summon Ice Beast         Ice/Summ       #.......     87%         4    ####...
 Metabolic Englaciation   Hex/Ice        #.........   96%         5    ######.
 Silence                  Hex/Air        #.........   96%         5    ######.
 Yara's Violent Unravell  Hex/Tmut       #.........   96%         5    ######.
 Bolt of Magma            Conj/Fire/Erth #.........   99%         5    ######.
 Borgnjor's Vile Clutch   Necr/Erth      #.........   99%         5    ######.
 Darkness                 Hex            ###.......   100%        6    #######
 Iron Shot                Conj/Erth      #.........   100%        6    #######
 Shadow Creatures         Summ           N/A          100%        6    #######
 Statue Form              Tmut/Erth      #........    100%        6    #######
 Shatter                  Erth           #.........   100%        9    #######


Dungeon Overview and Level Annotations

Branches:
Dungeon (12/15)            Temple (0/1) D:4            Lair (6/6) D:9
  Swamp (4/4) Lair:3        Snake (2/4) Lair:2        Slime (0/5) Lair:5
    Orc (2/2) D:12            Elf (0/3) Orc:2         Sewer (visited)
Ossuary (visited)           IceCv (visited)

Altars:
Cheibriados
Dithmenos
Elyvilon
Fedhas
Hepliaklqana
Makhleb
Nemelex Xobeh
Okawaru
Sif Muna
Uskayaw
Xom
Yredelemnul
Beogh
Jiyva

Shops:
Orc:2 **(%

Annotations:
Lair:1 exclusion: 2 oklob plants
Lair:3 1 runed translucent door, Osyocro's ghost, journeyman MiBe


Innate Abilities, Weirdness & Mutations

You revert to your normal form in water.
You are very nimble and swift while swimming.
You are very stealthy in the water. (Stealth+)
Your life essence is reduced to manifest your ancestor. (-10% HP)
Your skin changes colour to match your surroundings (Stealth+).
You possess an exceptional clarity of mind.
Your system is resistant to poisons. (rPois)


Message History

You feel slightly more hungry. The eight-headed hydra misses you. x2
The eight-headed hydra closely misses you.
The eight-headed hydra completely misses you.
The eight-headed hydra misses you.
The eight-headed hydra closely misses you.
The eight-headed hydra bites you but does no damage.
The eight-headed hydra misses you.
Quiver which item? (- for none, * to show all) (? for menu, Esc to quit)
Okay, then.
Unknown command.
Throwing (i - inventory)
p - 42 boomerangs (quivered)
Press: ? - help, Shift-Dir - straight line, f - eight-headed hydra
Aim: an eight-headed hydra (heavily wounded)
You throw a boomerang.
The boomerang hits the eight-headed hydra.
The eight-headed hydra is heavily wounded.
The eight-headed hydra bites you.
* * * LOW HITPOINT WARNING * * *
The eight-headed hydra bites you!
You die...

≈≈≈≈≈≈.♣≈..♣♣
♣§≈≈≈.♣♣.≈§.♣♣♣♣♣♣♣♣
♣♣♣?≈♣♣≈≈≈≈≈.≈..≈≈≈♣ ♣
♣♣♣♣♣.≈≈≈≈≈÷≈§≈≈.♣
♣≈≈≈..≈÷≈≈..♣♣
♣♣.......÷..≈♣
♣≈..≈≈..♣...≈♣♣♣♣♣♣♣♣♣♣♣♣
♣♣≈≈≈..♣♣≈≈≈≈≈≈≈≈..≈≈≈≈.♣
♣≈≈≈.♣≈≈≈≈@≈≈≈≈≈≈≈≈≈≈≈.♣♣
♣...♣♣≈≈≈≈♣D≈≈≈.≈≈≈≈≈≈..♣♣
♣♣♣♣♣♣.≈≈≈≈≈≈≈.≈≈≈≈≈≈≈≈≈≈♣
♣≈♣≈≈≈≈≈§§≈≈≈≈§≈≈≈≈≈≈♣♣
♣♣♣≈≈≈≈...≈≈≈≈≈≈≈≈≈≈.≈♣
♣≈≈≈.♣♣≈≈§≈≈<..≈≈≈≈.♣
♣.≈≈§♣♣♣♣♣♣♣♣♣≈≈≈≈§.♣
♣≈≈.♣♣ ♣≈.≈≈≈≈≈ ♣..♣♣
♣≈.≈≈≈≈≈


You could see an eight-headed hydra.

Vanquished Creatures
  A tentacled monstrosity (Swamp:4)
  Kirke (Lair:5)
  Gastronok (D:9)
  A thorn hunter (Swamp:1)
  An orc warlord (Orc:2)
  Snorg (Lair:4)
  A dire elephant (Lair:6)
  2 green deaths (Swamp:4)
  2 naga warriors (Snake:1)
  11 hydras
  An anaconda (Snake:1)
  A ghost crab (Swamp:3)
  A merfolk avatar (Lair:6)
  3 two-headed ogres
  A shambling mangrove (Swamp:1)
  3 death yaks (Lair:6)
  4 alligators
  2 tengu warriors
  3 naga sharpshooters (Snake:1)
  2 thrashing horrors (Swamp:4)
  5 orc high priests
  Nergalle (D:12)
  2 shock serpents (Snake:1)
  An unseen horror (D:11)
  2 swamp dragons (Swamp:4)
  A lindwurm (Lair:6)
  A cyclops (D:12)
  4 orc knights
  4 orc sorcerers
  An ugly thing (D:12)
  3 salamanders
  A manticore (D:12)
  A naga mage (Snake:1)
  6 black mambas
  The ghost of Tenz the Ducker, a novice SpWr (D:5)
  6 elephants (Lair:6)
  15 spiny frogs
  2 orange demons (Swamp:4)
  A gargoyle (D:9)
  4 rime drakes
  A komodo dragon (shapeshifter) (D:11)
  10 komodo dragons
  5 freezing wraiths
  4 trolls
  3 meliai (D:9)
  Prince Ribbit (D:6)
  3 polar bears
  5 tyrant leeches
  8 hornets
  12 slime creatures
  A wind drake (Lair:6)
  4 blink frogs (Lair:4)
  5 bog bodies
  4 dream sheep (Lair:6)
  4 hippogriffs
  4 shadows
  A water elemental (D:12)
  5 hogs (Lair:5)
  4 wyverns
  2 wraiths (Swamp:1)
  2 fire bats (Lair:5)
  Eustachio (D:5)
  6 basilisks
  A fire elemental (Lair:1)
  28 yaks
  2 hungry ghosts (D:12)
  A large abomination (Swamp:4)
  9 vampire mosquitoes
  2 wargs (Orc:2)
  Edmund (D:4)
  A soldier ant (D:12)
  6 insubstantial wisps
  11 nagas
  10 swamp worms
  An acid dragon (D:12)
  12 porcupines
  Duvessa (D:5)
  6 water moccasins
  2 swamp drakes
  25 orc warriors
  A sky beast (D:8)
  5 ice beasts
  9 ogres
  2 phantoms (D:12)
  2 necrophages
  3 centaurs
  3 big kobolds
  12 crocodiles
  7 bullfrogs
  Dowan (D:5)
  A water moccasin zombie (D:10)
  5 scorpions
  3 killer bees (D:7)
  A swamp dragon simulacrum (IceCv)
  10 wights
  4 electric eels
  2 howler monkeys (D:11)
  A lava snake (Lair:1)
  A bullfrog zombie (D:7)
  3 crimson imps
  A quasit (D:5)
  6 centaur zombies
  26 orc priests
  2 hounds
  5 jellies
  13 orc wizards
  4 iguanas
  A worker ant (D:4)
  2 wolf simulacra (IceCv)
  2 big kobold zombies (Ossuary)
  A hound zombie (D:8)
  2 hound skeletons
  7 gnolls
  15 adders
  A shadow imp (D:5)
  2 white imps (IceCv)
  7 oozes (Sewer)
  An adder skeleton (D:8)
  2 worms
  2 dart slugs
  8 leopard geckos
  79 orcs
  7 ball pythons
  8 bats
  9 giant cockroaches
  5 goblins (D:1)
  2 hobgoblins
  20 jackals
  2 quokkas
  A ball python skeleton (D:4)
  9 frilled lizards
  A giant cockroach zombie (D:5)
  3 hobgoblin zombies (Ossuary)
  A jackal skeleton (D:5)
  14 kobolds
  A leopard gecko skeleton (D:5)
  A quokka zombie (D:5)
  8 rats
676 creatures vanquished.

Vanquished Creatures (collateral kills)
  A very ugly thing (Swamp:4)
  Josephine (Swamp:1)
  A naga warrior (Snake:1)
  2 hydras
  A shambling mangrove (Swamp:2)
  2 two-headed ogres (Orc:2)
  A death yak (Lair:6)
  4 alligators
  A spriggan druid (Swamp:4)
  2 swamp dragons
  2 orc knights (Orc:2)
  An ugly thing (Swamp:4)
  An orc sorcerer (Orc:2)
  A salamander (Snake:1)
  A guardian serpent (Snake:1)
  An elephant (Lair:6)
  A naga mage (Snake:1)
  3 black mambas
  2 spiny frogs
  Psyche (D:8)
  A freezing wraith (IceCv)
  A komodo dragon (Lair:3)
  2 tyrant leeches
  3 trolls
  3 bog bodies
  8 slime creatures
  2 dream sheep (Lair:6)
  13 yaks
  A water elemental (D:12)
  A spriggan (Swamp:2)
  2 basilisks
  2 wraiths (Swamp:1)
  2 hogs (Lair:5)
  2 vampire mosquitoes
  4 insubstantial wisps
  2 nagas
  A death yak simulacrum (IceCv)
  2 acid dragons
  2 swamp worms
  4 water moccasins
  A porcupine (Lair:5)
  11 orc warriors
  A swamp drake (Swamp:1)
  6 ice beasts
  4 sky beasts
  A centaur (D:10)
  4 ogres
  3 crocodiles
  A big kobold (D:7)
  5 bullfrogs
  A gnoll sergeant (D:9)
  A wyvern zombie (D:11)
  A killer bee (D:7)
  3 wights
  A howler monkey (D:4)
  An electric eel (Lair:6)
  A crimson imp (D:11)
  3 bullfrog zombies
  3 centaur zombies
  2 quasits
  A gnoll shaman (D:9)
  6 orc priests
  A centaur skeleton (D:11)
  9 orc wizards
  3 iguanas
  2 worker ants
  A hound skeleton (D:7)
  4 mummies (Ossuary)
  3 adders
  3 gnolls (D:9)
  2 shadow imps (D:5)
  3 white imps (IceCv)
  3 oozes (Sewer)
  2 worms
  4 leopard geckos
  32 orcs
  4 giant cockroaches
  4 jackals
  11 kobolds
  A quokka (D:8)
  8 ball pythons
  3 frilled lizards (Sewer)
  A hobgoblin zombie (Ossuary)
  A leopard gecko zombie (D:9)
  A rat (D:4)
  A spectral orc (D:9)
  A fungus (Lair:6)
  A plant (Lair:2)
258 creatures vanquished.

Vanquished Creatures (others)
  3 orc priests (Orc:2)
  25 knights
  3 ancestors
  An orc (Orc:2)
  10 fungi
  13 plants
  8 spectral weapons
  7 toadstools (Swamp:1)
70 creatures vanquished.

Grand Total: 1004 creatures vanquished

Notes
Turn   | Place    | Note
-------+----------+-------------------------------------------
     0 | D:1      | Lugonue the Merfolk Gladiator began the quest for the Orb.
     0 | D:1      | Reached XP level 1. HP: 16/16 MP: 1/1
    74 | D:1      | Reached XP level 2. HP: 23/23 MP: 2/2
   302 | D:1      | Reached skill level 5 in Polearms
   328 | D:1      | Reached XP level 3. HP: 27/28 MP: 3/3
   729 | D:2      | Reached skill level 5 in Dodging
  1002 | D:2      | Found a hazy altar of Hepliaklqana.
  1005 | D:2      | Found a hide-covered altar of Uskayaw.
  1026 | D:2      | Became a worshipper of Hepliaklqana the Forgotten
  1091 | D:2      | Reached XP level 4. HP: 27/30 MP: 4/4
  1097 | D:2      | Found an iron altar of Okawaru.
  1440 | D:3      | Found a snail-covered altar of Cheibriados.
  2056 | D:3      | Found a faded altar of an unknown god.
  2092 | D:3      | Found a white marble altar of Elyvilon.
  2218 | D:4      | Reached XP level 5. HP: 36/36 MP: 2/5
  2220 | D:4      | Reached skill level 1 in Armour
  2263 | D:4      | Reached skill level 6 in Polearms
  2501 | D:4      | Noticed an ogre
  2515 | D:4      | Killed an ogre
  2515 | D:4      | Reached skill level 7 in Polearms
  2515 | D:4      | Reached XP level 6. HP: 17/42 MP: 6/6
  2528 | D:4      | Found a staircase to the Ecumenical Temple.
  2546 | D:4      | Reached * piety under Hepliaklqana
  2745 | D:4      | Reached XP level 7. HP: 47/47 MP: 7/7
  2754 | D:4      | Reached skill level 8 in Polearms
  2797 | D:4      | Reached skill level 1 in Stealth
  2817 | D:4      | Found a glowing drain.
  2851 | Sewer    | Entered a sewer
  3095 | Sewer    | Reached skill level 9 in Polearms
  3241 | D:4      | Noticed Edmund
  3250 | D:4      | Killed Edmund
  3250 | D:4      | Reached XP level 8. HP: 49/54 MP: 8/8
  3335 | D:4      | Reached skill level 10 in Polearms
  3416 | D:5      | Entered Level 5 of the Dungeon
  3525 | D:5      | Found a shimmering blue altar of Sif Muna.
  3630 | D:5      | Found a runed translucent gate.
  3632 | D:5      | Found a runed translucent gate.
  3632 | D:5      | Found a runed translucent gate.
  3632 | D:5      | Noticed Duvessa
  3632 | D:5      | Noticed Dowan
  3635 | D:5      | Killed Dowan
  3659 | D:5      | Killed Duvessa
  3753 | D:5      | Noticed Eustachio
  3770 | D:5      | Killed Eustachio
  3818 | D:5      | Reached skill level 11 in Polearms
  4062 | D:5      | Found a burning altar of Makhleb.
  4127 | D:5      | Noticed Tenz's ghost (novice SpWr)
  4172 | D:6      | Reached ** piety under Hepliaklqana
  4173 | D:6      | Noticed Prince Ribbit
  4216 | D:6      | Killed Prince Ribbit
  4216 | D:6      | Reached skill level 5 in Fighting
  4216 | D:6      | Reached skill level 1 in Evocations
  4237 | D:6      | Remembered your ancestor Mettia as a knight
  4245 | D:6      | Reached XP level 9. HP: 56/61 MP: 9/9
  4250 | D:6      | Found a blossoming altar of Fedhas.
  4378 | D:6      | Found a sand-covered staircase.
  4392 | Ossuary  | Entered an ossuary
  4432 | Ossuary  | Reached skill level 12 in Polearms
  4549 | D:6      | Found a sparkling altar of Nemelex Xobeh.
  5263 | D:6      | Found a shadowy altar of Dithmenos.
  5372 | D:7      | Reached skill level 13 in Polearms
  5599 | D:7      | Reached XP level 10. HP: 68/68 MP: 11/11
  5919 | D:8      | Reached *** piety under Hepliaklqana
  6033 | D:8      | Reached skill level 14 in Polearms
  6033 | D:8      | Reached skill level 1 in Shields
  6082 | D:8      | Noticed a two-headed ogre
  6090 | D:8      | Killed a two-headed ogre
  6090 | D:8      | Reached skill level 5 in Armour
  6113 | D:8      | Gained mutation: Your skin changes colour to match your
                  | surroundings (Stealth+). [potion of mutation]
  6113 | D:8      | Gained mutation: Your system is resistant to poisons.
                  | (rPois) [potion of mutation]
  6113 | D:8      | Gained mutation: You possess an exceptional clarity of
                  | mind. [potion of mutation]
  6297 | D:8      | Noticed Psyche
  6312 | D:8      | Killed Psyche
  6431 | D:9      | Found a staircase to the Lair.
  6432 | D:9      | Reached skill level 5 in Throwing
  6528 | D:9      | Reached skill level 15 in Polearms
  6607 | D:9      | Reached XP level 11. HP: 71/75 MP: 12/12
  7110 | D:9      | Noticed Gastronok
  7162 | D:9      | Killed Gastronok
  7821 | D:9      | Reached **** piety under Hepliaklqana
  8022 | D:9      | Found a basalt altar of Yredelemnul.
  8128 | D:10     | Entered Level 10 of the Dungeon
  8553 | D:10     | Noticed a two-headed ogre
  8563 | D:10     | Killed a two-headed ogre
  8872 | D:10     | Noticed a tengu warrior
  8958 | D:10     | Killed a tengu warrior
  8958 | D:10     | Reached XP level 12. HP: 35/84 MP: 13/13
  9392 | D:11     | Found a frozen archway.
  9474 | D:11     | Reached skill level 16 in Polearms
  9495 | IceCv    | Entered an ice cave
 10053 | IceCv    | Reached skill level 1 in Invocations
 11085 | D:11     | Reached skill level 17 in Polearms
 11143 | D:11     | Noticed an eight-headed hydra
 11506 | D:11     | Killed an eight-headed hydra
 11562 | Lair:1   | Entered Level 1 of the Lair of Beasts
 11730 | Lair:1   | Reached skill level 18 in Polearms
 11998 | Lair:1   | Reached XP level 13. HP: 84/90 MP: 14/14
 12007 | Lair:1   | Reached ***** piety under Hepliaklqana
 12523 | Lair:2   | Reached skill level 19 in Polearms
 12527 | Lair:2   | Learned a level 1 spell: Infusion
 12712 | Lair:2   | Found a staircase to the Snake Pit.
 12817 | Lair:2   | Reached skill level 10 in Fighting
 13219 | Lair:3   | Found a staircase to the Swamp.
 13308 | Lair:4   | Noticed Snorg
 13321 | Lair:4   | Killed Snorg
 13382 | Lair:4   | Reached skill level 1 in Charms
 13959 | Lair:4   | Learned a level 3 spell: Spectral Weapon
 14141 | Lair:5   | Reached skill level 1 in Spellcasting
 14183 | Lair:5   | Noticed Kirke
 14188 | Lair:5   | Reached skill level 10 in Dodging
 14213 | Lair:5   | HP: 4/93 [spiny frog (16)]
 14533 | Lair:5   | Identified a scroll of acquirement
 14571 | Lair:5   | Killed Kirke
 14571 | Lair:5   | Reached skill level 20 in Polearms
 14708 | Lair:5   | Reached ****** piety under Hepliaklqana
 15085 | Lair:5   | Found a viscous altar of Jiyva.
 15086 | Lair:5   | Found a staircase to the Slime Pits.
 15175 | Lair:6   | Entered Level 6 of the Lair of Beasts
 15273 | Lair:6   | Reached XP level 14. HP: 93/101 MP: 13/15
 15639 | Lair:6   | Noticed a dire elephant
 16106 | Lair:6   | Killed a dire elephant
 17321 | Lair:3   | You fall into a shaft and drop 3 floors!
 17477 | Lair:3   | Found a runed translucent door.
 17477 | Lair:3   | Found a shimmering altar of Xom.
 17477 | Lair:3   | Noticed Osyocro's ghost (journeyman MiBe)
 17561 | Lair:3   | Reached skill level 21 in Polearms
 17895 | D:12     | Learned a level 2 spell: Song of Slaying
 18364 | D:12     | Reached XP level 15. HP: 101/111 MP: 17/17
 18365 | D:12     | Noticed Nergalle
 18386 | D:12     | Killed Nergalle
 18407 | D:12     | Reached skill level 10 in Throwing
 18600 | D:12     | Identified the ring "Seter" {MR+ MP-9 Str-4 Int+8 SInv}
 18824 | D:12     | Found a staircase to the Orcish Mines.
 18842 | Orc:1    | Entered Level 1 of the Orcish Mines
 19064 | Orc:2    | Entered Level 2 of the Orcish Mines
 19656 | Orc:2    | Found Tain's Food Shop.
 19680 | Orc:2    | Found Pati Nol's Antique Weapon Boutique.
 19714 | Orc:2    | Found a roughly hewn altar of Beogh.
 20131 | Orc:2    | Found a staircase to the Elven Halls.
 20201 | Orc:2    | Noticed an orc warlord
 20252 | Orc:2    | Killed an orc warlord
 20281 | Orc:2    | Found a roughly hewn altar of Beogh.
 20347 | Orc:2    | Found Meosics's Assorted Antiques.
 20596 | Orc:2    | Bought a slimy quarterstaff for 225 gold pieces
 20596 | Orc:2    | Identified the +9 quarterstaff of the Desert {elec, Int+8}
                  | (You bought it in a shop on level 2 of the Orcish Mines)
 20629 | Orc:2    | Found Zeptopyur's Assorted Antiques.
 20660 | Orc:2    | Bought a bound bronze amulet for 120 gold pieces
 20660 | Orc:2    | Bought 2 potions of heal wounds for 240 gold pieces
 20671 | Orc:2    | Identified the amulet "Bap Noit" {Acrobat +Blink Int+3}
                  | (You bought it in a shop on level 2 of the Orcish Mines)
 21052 | Snake:1  | Entered Level 1 of the Snake Pit
 21286 | Snake:1  | Reached skill level 22 in Polearms
 21306 | Snake:1  | Reached skill level 15 in Fighting
 21339 | Snake:1  | Reached skill level 1 in Hexes
 22382 | D:5      | Killed Tenz's ghost
 22523 | Swamp:1  | Entered Level 1 of the Swamp
 22716 | Swamp:1  | Noticed a thorn hunter
 22730 | Swamp:1  | Killed a thorn hunter
 22859 | Swamp:1  | Reached XP level 16. HP: 61/122 MP: 19/19
 23230 | Swamp:1  | Noticed Josephine
 23262 | Swamp:1  | Killed Josephine
 25084 | Swamp:4  | Entered Level 4 of the Swamp
 25344 | Swamp:4  | Noticed a tentacled monstrosity
 26146 | Swamp:4  | Killed a tentacled monstrosity
 26185 | Swamp:4  | Reached skill level 1 in Staves
 26368 | Swamp:4  | HP: 2/125 [eight-headed hydra (8)]
 26401 | Swamp:4  | HP: 5/125 [eight-headed hydra (3)]
 26401 | Swamp:4  | Slain by an eight-headed hydra

Levels and vault maps discovered:
D:1:      dpeg_arrival_round_c, layout_basic, minmay_misc_feat_columns
D:2:      layout_rooms, minitemple, okawaru_metal_pillars_3
D:3:      layout_rooms, lemuel_coloured_pillars_altar, cheibriados_altar_1,
          first_ration, chequers_ecumenical_altar_simple_redux, kennysheep_boxes
D:4:      layout_basic, minmay_temple_entry_proselytizer, portal_sewer_entry_b,
          corexii_item_surrounded_by_moat, uniq_edmund
D:5:      kennysheep_six_static_rooms, layout_cave_pools,
          overflow_temple_1_default, ebering_ghost_rock_garden,
          lemuel_blue_sif_altar, uniq_eustachio, uniq_duvessa
D:6:      layout_cave_pools, nemelex_xobeh_ov_fountains_minmay,
          marbit_many_paths, nicolae_overflow_hidden_temple,
          nicolae_ossuary_entry_plus, chequers_jeans, uniq_prince_ribbit1
D:7:      layout_rooms
D:8:      layout_rooms, uniq_psyche
D:9:      layout_irregular_city, yredelemnul_forgotten_temple_becter,
          minmay_lair_entry_grove, uniq_gastronok
D:10:     layout_small_grid, grunt_tengu_nest
D:11:     layout_basic, portal_ice_cave_entry_pillars_2
D:12:     layout_roguey, erik_orc_2, roderic_three_in_a_row,
          minmay_starry_boxes, uniq_nergalle
Lair:1:   layout_gridlike, minmay_lair_oklob_chamber, grunt_megastairs_5
Lair:2:   layout_regular_city, minmay_snake_entry_guardpost_medium,
          serial_bayou_shore_a
Lair:3:   layout_misc_corridors, minmay_swamp_entry_reptiles, ebering_ghost_xom,
          minmay_hedge_maze, kennysheep_basilisk_garden
Lair:4:   layout_regular_city, uniq_snorg
Lair:5:   layout_gridlike, dpeg_slime_entry_enclosed_altar, uniq_kirke
Lair:6:   gammafunk_lair_ancient_temple, layout_long_grid,
          chequers_serial_rivers_small_a, serial_bayou_lake_a
Swamp:1:  cheibrodos_swamp_tower_of_moss, layout_basic_swamp,
          evilmike_swamp_ruin_house_6, nicolae_swamp_trees_clearing,
          swamp_pool2, infiniplex_staircase_pool_2, uniq_josephine
Swamp:2:  layout_falls_marsh, nicolae_swamp_stair_fork
Swamp:3:  layout_basic_swamp, nicolae_swamp_fairy_circle, swamp_pool4,
          infiniplex_staircase_pool
Swamp:4:  swamp_vile, layout_basic_swamp
Snake:1:  layout_misc_corridors
Snake:2:  layout_rooms
Orc:1:    layout_diamond_mine
Orc:2:    pubby_orc_utopia

Skill      XL: |  1  2  3  4  5  6  7  8  9 10 11 12 13 14 15 16 |
---------------+-------------------------------------------------+-----
Polearms       | 5 7 9 11 13 15 18 20 21 22 | 22.8
Dodging        | 5 6 7 8 9 10 12 13 14 | 14.8
Armour         | 1 2 3 4 5 6 7 |  7.8
Fighting       | 3 4 5 6 7 8 9 11 13 15 16 | 16.5
Stealth        | 1 |  1.0
Throwing       | 3 4 5 7 8 9 10 | 10.6
Evocations     | 1 2 |  2.5
Shields        | 2 3 |  3.7
Invocations    | 1 2 |  2.8
Charms         | 2 3 4 |  4.6
Spellcasting   | 1 2 3 |  3.6
Hexes          | 1 2 |  2.6
Staves         | 1 |  1.2

Action                   |  1- 3 |  4- 6 |  7- 9 | 10-12 | 13-15 | 16-18 || total
-------------------------+-------+-------+-------+-------+-------+-------++-------
Melee: Trident           |   102 |   145 |   413 |   351 |       |       ||  1011
       Tailslap          |       |     1 |     9 |       |    10 |    26 ||    46
       Spear             |       |       |       |   158 |    49 |       ||   207
       Glaive            |       |       |       |   248 |  1056 |   355 ||  1659
       Quarterstaff      |       |       |       |       |       |    20 ||    20
Throw: Throwing net      |     2 |     2 |       |     1 |       |       ||     5
       Boomerang         |       |     6 |    36 |    51 |   152 |    26 ||   271
       Dart              |       |       |       |    48 |       |       ||    48
 Cast: Infusion          |       |       |       |       |    13 |     3 ||    16
       Spectral Weapon   |       |       |       |       |     8 |    15 ||    23
       Song of Slaying   |       |       |       |       |     2 |       ||     2
Invok: Recall Ancestor   |       |     1 |     2 |     3 |    14 |     4 ||    24
       Ancestor Life: Kn |       |       |     1 |       |       |       ||     1
       Transference      |       |       |       |     1 |     2 |       ||     3
       Idealise          |       |       |       |       |     2 |     2 ||     4
 Abil: Evoke Blink       |       |       |       |       |       |     2 ||     2
Evoke: Wand              |       |       |    10 |    11 |     2 |       ||    23
  Use: Scroll            |     2 |     5 |     8 |    11 |    23 |     5 ||    54
       Potion            |       |     2 |     1 |    15 |     4 |     1 ||    23
 Stab: Sleeping          |     1 |       |     2 |     5 |    17 |       ||    25
       Distracted        |       |     1 |     2 |     8 |    10 |     8 ||    29
       Paralysed         |       |       |       |     2 |     1 |       ||     3
  Eat: Chunk             |     1 |     4 |    10 |    15 |    17 |     1 ||    48
       Ration            |       |       |       |     2 |     8 |     2 ||    12
Armor: Leather armour    |    21 |       |       |       |       |       ||    21
       Chain mail        |       |    76 |    40 |       |       |       ||   116
       Scale mail        |       |       |    34 |       |     7 |    21 ||    62
       Ring mail         |       |       |     9 |   146 |    93 |       ||   248
       Troll leather arm |       |       |       |       |    56 |       ||    56
       Swamp dragon scal |       |       |       |       |       |    53 ||    53
Dodge: Dodged            |    65 |    77 |   164 |   360 |   590 |   324 ||  1580
Block: Buckler           |       |       |    12 |    51 |       |       ||    63

Table legend:
 A = Non-vault XP
 B = Vault XP
 C = Vault XP percentage of total XP
 D = Non-vault monster count
 E = Vault monster count
 F = Vault count percentage of total count
                 A         B        C        D         E       F
            +---------+---------+-------+---------+---------+-------
      Total |  104831 |   71628 |  40.6 |     566 |     367 |  39.3
            +---------+---------+-------+---------+---------+-------
        D:1 |      45 |       0 |   0.0 |      18 |       0 |   0.0
        D:2 |      41 |       0 |   0.0 |      17 |       0 |   0.0
        D:3 |      78 |       0 |   0.0 |      17 |       0 |   0.0
        D:4 |     639 |     216 |  25.3 |      26 |       7 |  21.2
        D:5 |     152 |     928 |  85.9 |      15 |      10 |  40.0
        D:6 |    1003 |     389 |  27.9 |      19 |       2 |   9.5
        D:7 |    1708 |       0 |   0.0 |      47 |       0 |   0.0
        D:8 |    2604 |     614 |  19.1 |      27 |       2 |   6.9
        D:9 |    2891 |    3945 |  57.7 |      44 |      14 |  24.1
       D:10 |    2143 |     859 |  28.6 |      22 |       1 |   4.3
       D:11 |    7151 |     349 |   4.7 |      42 |       1 |   2.3
       D:12 |    5095 |    3110 |  37.9 |      23 |      26 |  53.1
     Lair:1 |    4418 |     350 |   7.3 |      17 |       1 |   5.6
     Lair:2 |    4748 |     993 |  17.3 |      13 |       6 |  31.6
     Lair:3 |    4332 |    2100 |  32.6 |      18 |       8 |  30.8
     Lair:4 |    4212 |    1276 |  23.3 |      21 |       2 |   8.7
     Lair:5 |    4855 |    3502 |  41.9 |      19 |       8 |  29.6
     Lair:6 |   12160 |    9052 |  42.7 |      27 |      25 |  48.1
    Swamp:1 |    5004 |    3918 |  43.9 |      18 |       6 |  25.0
    Swamp:2 |    7832 |       0 |   0.0 |      20 |       0 |   0.0
    Swamp:3 |    6683 |       0 |   0.0 |      20 |       0 |   0.0
    Swamp:4 |   10706 |   18327 |  63.1 |      32 |      26 |  44.8
    Snake:1 |   14292 |       0 |   0.0 |      27 |       0 |   0.0
      Orc:1 |    2039 |       0 |   0.0 |      17 |       0 |   0.0
      Orc:2 |       0 |   18183 | 100.0 |       0 |     137 | 100.0
      Sewer |       0 |     359 | 100.0 |       0 |      52 | 100.0
    Ossuary |       0 |     263 | 100.0 |       0 |      13 | 100.0
      IceCv |       0 |    2895 | 100.0 |       0 |      20 | 100.0
            +---------+---------+-------+---------+---------+-------
